 Dungeon Crawl Stone Soup version 0.20.1-1-g8b1a95d66d (webtiles) character file.

2337 4FPSwarrior the Cleaver (level 9, -5/71 HPs)
             Began as a Minotaur Berserker on Dec 29, 2017.
             Was an Elder of Trog.
             Slain by a seven-headed hydra (11 damage)
             ... on level 7 of the Dungeon.
             The game lasted 00:38:06 (8187 turns).

4FPSwarrior the Cleaver (Minotaur Berserker)        Turns: 8187, Time: 00:38:06

Health: -5/71      AC:  6    Str: 25    XL:     9   Next: 19%
Magic:  8/8        EV: 12    Int:  4    God:    Trog [****..]
Gold:   352        SH:  0    Dex: 10    Spells: 8/8 levels left

rFire    . . .     SeeInvis .   C - +2 lajatang (pain)
rCold    . . .     Gourm    .   (shield currently unavailable)
rNeg     + . .     Faith    .   G - +3 leather armour
rPois    .         Spirit   .   (helmet restricted)
rElec    .         Reflect  .   (no cloak)
rCorr    .         Harm     .   (no gloves)
MR       .....                  (no boots)
Stlth    +.........             (no amulet)
Regen    0.3/turn               i - ring of positive energy
MPRegen  0.2/turn               (no ring)

@: no status effects
A: retaliatory headbutt, horns 2
a: Berserk, Trog's Hand, Brothers in Arms, Burn Spellbooks, Renounce Religion


You were on level 7 of the Dungeon.
You worshipped Trog.
Trog was greatly pleased with you.
You were hungry.

You visited 1 branch of the dungeon, and saw 7 of its levels.
You also visited: Sewer.

You collected 352 gold pieces.

Inventory:

Hand Weapons
 a - a +1 hand axe
 A - a cursed +2 battleaxe
 C - a +2 lajatang of pain (weapon)
 D - a +0 war axe
Missiles
 w - 6 tomahawks (quivered)
 y - 7 tomahawks of returning
Armour
 t - a +1 ring mail
 G - a +3 leather armour (worn)
Jewellery
 i - a ring of positive energy (left hand)
 M - a +6 ring of evasion {unknown}
Wands
 H - a wand of lightning (7/15)
 K - a wand of disintegration (10/24)
Scrolls
 b - a scroll of fog
 d - a scroll of immolation
 e - a scroll of identify
 f - 2 scrolls of enchant armour
 j - 4 scrolls of teleportation
 k - a scroll of blinking
 m - 3 scrolls of remove curse
 o - 2 scrolls of recharging
 E - a scroll of fear
 F - a scroll of noise {unknown}
Potions
 h - 3 potions of ambrosia
 l - 2 potions of haste
 n - 2 potions of brilliance
 p - 2 potions of resistance
 q - a potion of magic {unknown}
 r - 2 potions of lignification {unknown}
 s - a potion of heal wounds
 u - a potion of curing
 v - a potion of mutation {unknown}
 z - a potion of berserk rage {unknown}
 I - a potion of flight {unknown}
 J - a potion of cancellation {unknown}
Books
 L - a book of Misfortune

   Spells                             Type                      Level
   a - Confusing Touch                Hexes                        1
   b - Confuse                        Hexes                        3
   c - Gell's Gravitas                Translocation                3
   d - Petrify                        Transmutation/Earth          4
   e - Metabolic Englaciation         Hexes/Ice                    5
   f - Yara's Violent Unravelling     Hexes/Transmutation          5
   Trog disapproves of the use of such an item.
Comestibles
 c - 4 bread rations
 g - 4 royal jellies
 x - 5 meat rations
 B - 5 fruits
 N - 3 chunks of flesh


   Skills:
 + Level 4.2 Fighting
 + Level 13.9 Axes
 + Level 1.8 Throwing
 + Level 3.3 Armour
 - Level 2.1 Dodging


You had 8 spell levels left.
You didn't know any spells.

Dungeon Overview and Level Annotations

Branches:
Dungeon (7/15)             Temple (0/1) D:4

Altars:
Dithmenos
Elyvilon
Kikubaaqudgha
Nemelex Xobeh
Sif Muna
Vehumet
Xom
Yredelemnul

Shops:
D:4 }


Innate Abilities, Weirdness & Mutations

You reflexively headbutt those who attack you in melee.
You have a pair of horns on your head.


Message History

There is a stone staircase leading down, spattered with blood here.
You start resting.
You feel sick. x2
You are no longer poisoned.
You start resting.
HP restored.
You climb downwards.
You are feeling hungry.
The seven-headed hydra bites you! x2; The seven-headed hydra bites you.
The seven-headed hydra misses you. The seven-headed hydra bites you!
The seven-headed hydra bites you.
The seven-headed hydra completely misses you.
There is a stone staircase leading up, spattered with blood here.
Okay, then.
The seven-headed hydra bites you!
* * * LOW HITPOINT WARNING * * *
The seven-headed hydra bites you.
* * * LOW HITPOINT WARNING * * *
The seven-headed hydra bites you!
You die...

....###
#.##.#)#.##..#......#####
.##...#
####.....##..............
.>##..#
.'....#.##.###.#.######.
.#.#..# #.#..........
#.#.# #. .##...# #
#.........# #.#.######[
......#
####....#.###.#........
<##...#
#.......D......#####
.#....# .#
#...D#######.#.#
......###..# #.#@##
#.#.## ........#..# # #.#
#.#..# .#....#.#..# #..
#D##.#
##....#.#..###.##.#
###.##.# #.............
.# #..>...# ##.........##
.# #.###..####
..........## .# #.
#D..... ##.####.### .#
#.###....## #.# #.#
#..........


You could see a seven-headed hydra.

Vanquished Creatures
  The ghost of BrokenGlass the Fighter, a novice OpFi (D:4)
  A spriggan (D:7)
  A phantom (D:4)
  A centaur (D:6)
  5 big kobolds (Sewer)
  2 scorpions
  3 killer bees (D:7)
  4 wights (D:6)
  2 crimson imps (D:5)
  2 bullfrog zombies
  A centaur zombie (D:6)
  3 orc priests
  3 hounds
  3 orc wizards
  An iguana (D:7)
  6 worker ants
  A statue (D:4)
  A hound zombie (D:5)
  7 adders
  A shadow imp (D:7)
  6 oozes (Sewer)
  An adder skeleton (D:4)
  6 worms
  3 dart slugs
  8 leopard geckos
  23 orcs
  4 bats
  5 giant cockroaches
  6 goblins
  6 hobgoblins (D:1)
  2 quokkas
  3 ball pythons
  10 frilled lizards
  A jackal skeleton (D:7)
  A jackal zombie (D:7)
  17 kobolds
  A leopard gecko zombie (D:6)
  A quokka zombie (D:5)
  11 rats
164 creatures vanquished.

Notes
Turn   | Place    | Note
-------+----------+-------------------------------------------
     0 | D:1      | 4FPSwarrior the Minotaur Berserker began the quest for the Orb.
     0 | D:1      | Reached XP level 1. HP: 19/19 MP: 0/0
   195 | D:1      | Reached skill level 4 in Axes
   268 | D:1      | Reached XP level 2. HP: 26/26 MP: 1/1
   589 | D:1      | Reached ** piety under Trog
   589 | D:1      | Reached skill level 5 in Axes
   637 | D:1      | Reached XP level 3. HP: 31/31 MP: 2/2
   865 | D:2      | Found a faded altar of an unknown god.
  1549 | D:2      | Reached XP level 4. HP: 39/39 MP: 3/3
  1601 | D:2      | Reached skill level 6 in Axes
  1889 | D:3      | Found a basalt altar of Yredelemnul.
  2139 | D:3      | Reached skill level 7 in Axes
  2139 | D:3      | Reached XP level 5. HP: 36/45 MP: 4/4
  2514 | D:4      | Noticed a phantom
  2533 | D:4      | Noticed BrokenGlass's ghost (novice OpFi)
  2954 | D:4      | Found a glowing drain.
  2964 | Sewer    | Entered a sewer
  3055 | Sewer    | Reached skill level 8 in Axes
  3426 | Sewer    | Reached XP level 6. HP: 47/51 MP: 5/5
  3451 | Sewer    | Reached *** piety under Trog
  3717 | Sewer    | Reached skill level 9 in Axes
  4080 | Sewer    | Reached XP level 7. HP: 57/57 MP: 6/6
  4086 | Sewer    | Reached skill level 10 in Axes
  4244 | D:4      | Found a staircase to the Ecumenical Temple.
  4422 | D:4      | Found a shadowy altar of Dithmenos.
  4680 | D:4      | Found Baefid's Gadget Emporium.
  4697 | D:4      | Found a sparkling altar of Nemelex Xobeh.
  4745 | D:4      | Found a radiant altar of Vehumet.
  5278 | D:5      | Entered Level 5 of the Dungeon
  5310 | D:5      | Found a shimmering altar of Xom.
  5334 | D:5      | Reached skill level 11 in Axes
  5824 | D:5      | Reached XP level 8. HP: 64/64 MP: 7/7
  5923 | D:5      | Reached **** piety under Trog
  6427 | D:6      | Reached skill level 12 in Axes
  6530 | D:6      | Found an ancient bone altar of Kikubaaqudgha.
  7059 | D:6      | Found a white marble altar of Elyvilon.
  7256 | D:4      | Killed BrokenGlass's ghost
  7256 | D:4      | Reached skill level 13 in Axes
  7317 | D:7      | Found a deep blue altar of Sif Muna.
  7363 | D:7      | Reached XP level 9. HP: 70/71 MP: 8/8
  7484 | D:7      | Reached skill level 1 in Throwing
  8060 | D:7      | Noticed a seven-headed hydra
  8187 | D:7      | Slain by a seven-headed hydra

Skill      XL: |  1  2  3  4  5  6  7  8  9 |
---------------+----------------------------+-----
Axes           | 4 5 7 8 9 11 13 | 13.9
Throwing       | 1 |  1.8
Fighting       | 4 |  4.2
Armour         | 3 |  3.3
Dodging        | |  2.1

Action                   |  1- 3 |  4- 6 |  7- 9 || total
-------------------------+-------+-------+-------++-------
Melee: Hand axe          |    61 |   146 |    65 ||   272
       Headbutt          |     7 |    22 |    35 ||    64
       War axe           |       |       |    36 ||    36
       Lajatang          |       |       |   122 ||   122
Throw: Tomahawk          |       |    11 |    10 ||    21
Invok: Berserk           |     5 |     8 |     9 ||    22
       Trog's Hand       |       |     1 |     3 ||     4
  Use: Scroll            |       |    12 |     8 ||    20
       Potion            |       |       |     2 ||     2
 Stab: Sleeping          |     1 |       |       ||     1
  Eat: Chunk             |     7 |    11 |    18 ||    36
       Bread ration      |       |     1 |     1 ||     2
Armor: Animal skin       |    10 |       |       ||    10
       Ring mail         |       |    41 |    34 ||    75
       Leather armour    |       |       |    35 ||    35
Dodge: Dodged            |    37 |    77 |   140 ||   254
